 Dungeon Sprint DCSS version 0.26-a0-651-gb41185065b (webtiles) character file.

Game seed: 4440799710704605770

62767 mhtbhm the Hoplite (level 14, -4/154 HPs)
             Began as a Minotaur Fighter on Sept 28, 2020.
             Was the Champion of Okawaru.
             Slain by a vault warden
             ... wielding a +0 glaive
              (27 damage)
             ... in the Dungeon (Sprint IX: "|||||||||||||||||||||||||||||").
             The game lasted 00:10:16 (5871 turns).

mhtbhm the Hoplite (Minotaur Fighter)               Turns: 5871, Time: 00:10:16

Health: -4/154     AC: 30    Str: 27    XL:     14   Next: 65%
Magic:  14/14      EV: 12    Int: 12    God:    Okawaru [******]
Gold:   750        SH: 21    Dex: 19    Spells: 13/13 levels left

rFire    + . .     SeeInvis +   a - +2 scimitar (flame)
rCold    + . .     Faith    +   c - +3 kite shield of the Gastropod {Str+2 Int+7 SInv}
rNeg     . . .     Spirit   .   b - +0 gold dragon scales
rPois    +         Reflect  .   (helmet restricted)
rElec    .         Harm     .   e - +0 cloak
rCorr    .         Rampage  .   C - +2 pair of gloves {Dex+3}
MR       +....     NoTele   +   (no boots)
Stlth    ..........             v - amulet of faith
HPRegen  0.35/turn              p - +2 ring of protection
MPRegen  0.14/turn              w - ring of the Shining Light {+Fly rPois Dex+5}

@: marked, flayed
A: retaliatory headbutt, horns 2
a: Heroism, Finesse, Renounce Religion, Evoke Flight


You were in the Dungeon.
You worshipped Okawaru.
Okawaru was exalted by your worship.
You visited 1 branch You collected 1925 gold pieces.
You spent 1175 gold pieces at shops.

Inventory:

Hand Weapons
 a - a +2 scimitar of flaming (weapon)
Missiles
 x - 3 javelins (quivered)
 y - 3 datura-tipped darts
Armour
 b - +0 gold dragon scales (worn)
 c - the +3 kite shield of the Gastropod (worn) {Str+2 Int+7 SInv}
   (Okawaru gifted it to you in the Dungeon)

   It affects your strength (+2).
   It affects your intelligence (+7).
   It lets you see invisible.
 e - a +0 cloak (worn)
 C - a +2 pair of gloves of dexterity (worn)
Jewellery
 p - a +2 ring of protection (left hand)
 q - an uncursed ring of see invisible
 v - an amulet of faith (around neck)
 w - the ring of the Shining Light (right hand) {+Fly rPois Dex+5}
   (You bought it in a shop in the Dungeon)

   [ring of flight]

   It affects your dexterity (+5).
   It protects you from poison.
   It lets you fly.
 z - an uncursed ring of protection from magic
 B - an uncursed ring of protection from fire
Wands
 n - a wand of iceblast (10)
Scrolls
 j - 2 scrolls of blinking
 l - 5 scrolls of remove curse
 m - 3 scrolls of amnesia
 r - 3 scrolls of enchant armour
 s - 3 scrolls of fear
 t - 2 scrolls of fog
 u - 2 scrolls of enchant weapon
Potions
 d - 2 potions of might
 f - 3 potions of heal wounds
 g - a potion of haste
 h - 4 potions of magic
 i - a potion of berserk rage
 k - 4 potions of curing
 o - 2 potions of mutation {unknown}
 A - a potion of stabbing


   Skills:
 + Level 22.2 Fighting
 + Level 22.5 Long Blades
 + Level 9.0 Throwing
 + Level 19.7 Armour
 + Level 9.5 Dodging
 + Level 7.4 Stealth
 + Level 23.5 Shields
 + Level 1.3 Invocations


You had 13 spell levels left.
You didn't know any spells.
Your spell library was empty.

Dungeon Overview and Level Annotations

Branches:
Dungeon (1/1)

Altars:
Cheibriados
Dithmenos
Elyvilon
Fedhas
Gozag
Hepliaklqana
Kikubaaqudgha
Makhleb
Nemelex Xobeh
Okawaru
Qazlal
Ru
Sif Muna
Trog
Uskayaw
Vehumet
Wu Jian
Xom
Yredelemnul
Zin
The Shining One
Beogh
Jiyva
Lugonu

Shops:
D :*=(


Innate Abilities, Weirdness & Mutations

You reflexively headbutt those who attack you in melee.
You have a pair of horns on your head.


Message History

Unknown command.
Throwing (i - inventory. (/) - cycle)
x - 4 javelins (quivered)
Press: ? - help, Shift-Dir - straight line, f/p - vault warden
Aim: a vault warden, wielding a +0 glaive and wearing a +0 chain mail (severely wounded, strong)
You throw a javelin.
The javelin pierces through the vault warden!
The vault warden is severely wounded.
The javelin pierces through the ironbrand convoker but does no damage.
The ironbrand convoker is lightly wounded.
The javelin closely misses the flayed ghost.
The javelin pierces through the wolf spider!!
The wolf spider is heavily wounded.
The javelin pierces through the great orb of eyes!!
You kill the great orb of eyes!
Okawaru accepts your kill.
Your Throwing skill increases to level 9!
The javelin pierces through the stone giant.
The stone giant is moderately wounded.
The vault warden hits you with a +0 glaive!!
You die...

,,,,,,,,,+,,,,,,,,,,,,,+,,,,,,,,,
*********************************
,,,,,,,,,,,,,,,,,,,,,,,,,,,,,,,,,
*********************************
,+,,,,,,,,,,,,,,,,,,,,,,,,,,,,,,,
*********************************
,,,,,,,,,,,,,,,,,,,,,,,,,,,,,,,,,
*********▓▓▓▓▓▓▓▓▓▓▓▓▓▓▓▓▓▓▓▓▓▓▓▓
+,,,,,,,,(C.sWpp@())))+....)[....
▓▓▓▓▓▓▓▓▓▓▓▓▓▓▓▓▓▓▓▓▓▓▓▓▓▓▓▓▓▓▓▓▓
.................................
▓▓▓▓▓▓▓▓▓▓▓▓▓▓♣♣♣♣♣♣♣♣♣♣▓▓▓▓▓▓▓▓▓
...'.....†)[)'......)††[....†....
▓▓▓▓▓▓▓▓▓▓▓▓▓▓♣♣♣♣♣♣♣♣♣♣▓▓▓▓▓▓▓▓▓
.................)..............[
▓▓▓▓▓▓▓▓▓▓▓▓▓▓▓▓▓▓▓▓▓▓▓▓▓▓▓▓▓▓▓▓▓
'..........)[())[..........[[[[[[


You could see a stone giant, a vault warden (strong), a flayed ghost (strong), a
wolf spider and an ironbrand convoker.

Vanquished Creatures
  A golden dragon (D)
  Frances (D)
  A thorn hunter (D)
  A nagaraja (D)
  A ghost moth (D)
  2 vault wardens (D)
  2 frost giants (D)
  3 very ugly things (D)
  2 stone giants (D)
  Azrael (D)
  3 ettins (D)
  A fire dragon (D)
  Josephine (D)
  4 ogre magi (D)
  2 great orbs of eyes (D)
  2 hydras (D)
  A catoblepas (D)
  An alligator snapping turtle (D)
  A ghost crab (D)
  An ice dragon (D)
  A centaur warrior (D)
  A merfolk aquamancer (D)
  A merfolk avatar (D)
  An anaconda (D)
  2 two-headed ogres (D)
  Erica (D)
  A vampire mage (D)
  2 satyrs (D)
  Urug (D)
  A tengu warrior (D)
  A spriggan druid (D)
  A glowing orange brain (D)
  A wizard (D)
  A swamp dragon (D)
  2 harpies (D)
  A necromancer (D)
  13 orc knights (D)
  3 ugly things (D)
  2 wolf spiders (D)
  A cyclops (D)
  A guardian serpent (D)
  A vault sentinel (D)
  2 naga magi (D)
  4 black mambas (D)
  3 cane toads (D)
  3 yaktaurs (D)
  A komodo dragon (D)
  A demonic crawler (D)
  3 jumping spiders (D)
  2 merfolk (D)
  A troll (D)
  2 tyrant leeches (D)
  A wind drake (D)
  A bog body (D)
  A raiju (shapeshifter) (D)
  A dream sheep (D)
  3 blink frogs (D)
  4 hippogriffs (D)
  2 slime creatures (D)
  2 redbacks (D)
  A water elemental (D)
  6 wraiths (D)
  A tarantella (D)
  2 yaks (D)
  A basilisk (D)
  4 fire elementals (D)
  2 vampire mosquitoes (D)
  A naga (D)
  A water moccasin (D)
  2 hell hounds (D)
  A porcupine (D)
  15 orc warriors (D)
  2 swamp drakes (D)
  A sky beast (D)
  An ogre (D)
  A centaur (D)
  A wolf (D)
  2 crocodiles (D)
  2 bullfrogs (D)
  3 scorpions (D)
  A howler monkey (D)
  A jelly (D)
  An orc priest (D)
  6 orc wizards (D)
  2 hounds (D)
  2 worker ants (D)
  A gnoll (D)
  A leopard gecko (D)
  6 orcs (D)
  2 bats (D)
  A bat zombie (D)
  A hobgoblin (D)
  A jackal (D)
  A ball python (D)
  A quokka zombie (D)
  A rat (D)
188 creatures vanquished.

Notes
Turn   | Place    | Note
-------+----------+-------------------------------------------
     0 | D        | mhtbhm the Minotaur Fighter began the quest for the Orb.
     0 | D        | Reached XP level 1. HP: 19/19 MP: 0/0
     9 | D        | Reached skill level 4 in Shields
    17 | D        | Noticed a howler monkey
    17 | D        | Noticed a scorpion
    26 | D        | Killed a scorpion
    26 | D        | Reached skill level 5 in Fighting
    26 | D        | Reached skill level 5 in Armour
    26 | D        | Reached skill level 5 in Shields
    26 | D        | Reached XP level 2. HP: 19/30 MP: 1/1
    26 | D        | Reached XP level 3. HP: 23/37 MP: 2/2
    31 | D        | Reached skill level 5 in Long Blades
    31 | D        | Reached skill level 1 in Dodging
    31 | D        | Reached skill level 6 in Shields
    31 | D        | Reached XP level 4. HP: 29/45 MP: 3/3
    42 | D        | Found a roughly hewn altar of Beogh.
    42 | D        | Found a snail-covered altar of Cheibriados.
    42 | D        | Found a shadowy altar of Dithmenos.
    42 | D        | Found a white marble altar of Elyvilon.
    42 | D        | Found a blossoming altar of Fedhas.
    42 | D        | Found an opulent altar of Gozag.
    43 | D        | Found a hazy altar of Hepliaklqana.
    44 | D        | Found a viscous altar of Jiyva.
    45 | D        | Found an ancient bone altar of Kikubaaqudgha.
    46 | D        | Found a corrupted altar of Lugonu.
    47 | D        | Found a burning altar of Makhleb.
    48 | D        | Found a sparkling altar of Nemelex Xobeh.
    49 | D        | Found an iron altar of Okawaru.
    50 | D        | Found a stormy altar of Qazlal.
    51 | D        | Found a sacrificial altar of Ru.
    52 | D        | Found a shimmering blue altar of Sif Muna.
    53 | D        | Found a bloodstained altar of Trog.
    54 | D        | Found a hide-covered altar of Uskayaw.
    55 | D        | Found a radiant altar of Vehumet.
    56 | D        | Found an ornate altar of the Wu Jian Council.
    59 | D        | Became a worshipper of Warmaster Okawaru
    60 | D        | Found a shimmering altar of Xom.
    61 | D        | Found a basalt altar of Yredelemnul.
    62 | D        | Found a glowing silver altar of Zin.
    63 | D        | Found a glowing golden altar of the Shining One.
   133 | D        | Noticed a yak
   133 | D        | Noticed an ogre
   137 | D        | Killed an ogre
   137 | D        | Reached skill level 7 in Shields
   137 | D        | Reached XP level 5. HP: 47/52 MP: 4/4
   145 | D        | Killed a yak
   145 | D        | Reached * piety under Okawaru
   145 | D        | Reached skill level 8 in Shields
   145 | D        | Reached XP level 6. HP: 42/62 MP: 5/5
   251 | D        | Noticed a five-headed hydra
   261 | D        | Killed a one-headed hydra
   261 | D        | Reached ** piety under Okawaru
   261 | D        | Reached *** piety under Okawaru
   261 | D        | Reached skill level 10 in Fighting
   261 | D        | Reached skill level 10 in Armour
   261 | D        | Reached skill level 10 in Shields
   261 | D        | Reached XP level 7. HP: 60/73 MP: 6/6
   261 | D        | Reached XP level 8. HP: 67/81 MP: 7/7
   459 | D        | Noticed a blink frog
   459 | D        | Noticed a hippogriff
   459 | D        | Noticed a cane toad
   459 | D        | Noticed a komodo dragon
   471 | D        | Killed a komodo dragon
   471 | D        | Reached **** piety under Okawaru
   478 | D        | Killed a cane toad
   478 | D        | Reached skill level 11 in Shields
   481 | D        | Killed a hippogriff
   481 | D        | Reached XP level 9. HP: 46/90 MP: 8/8
   491 | D        | Reached ***** piety under Okawaru
   725 | D        | Noticed a black mamba
   725 | D        | Noticed a catoblepas
   733 | D        | Killed a catoblepas
   733 | D        | Reached skill level 15 in Long Blades
   733 | D        | Reached skill level 1 in Stealth
   733 | D        | Reached skill level 12 in Shields
   742 | D        | Killed a black mamba
   742 | D        | Reached XP level 10. HP: 101/101 MP: 9/9
   865 | D        | Noticed a cane toad
   865 | D        | Noticed a cane toad
   869 | D        | Killed a cane toad
   873 | D        | Reached ****** piety under Okawaru
   879 | D        | Killed a cane toad
   883 | D        | Reached skill level 5 in Dodging
   893 | D        | Received a gift from Okawaru
   982 | D        | Noticed Erica
   990 | D        | Killed Erica
   990 | D        | Reached skill level 5 in Stealth
   990 | D        | Reached skill level 13 in Shields
  1079 | D        | Noticed an orc knight
  1088 | D        | Killed an orc knight
  1109 | D        | Noticed an orc knight
  1125 | D        | Killed an orc knight
  1125 | D        | Reached skill level 15 in Fighting
  1125 | D        | Reached XP level 11. HP: 82/112 MP: 10/10
  1246 | D        | Noticed an orc knight
  1260 | D        | Noticed an orc knight
  1271 | D        | Killed an orc knight
  1290 | D        | Killed an orc knight
  1290 | D        | Reached skill level 14 in Shields
  1636 | D        | Found Elefuwna's Weapon Boutique.
  1636 | D        | Noticed an orc knight
  1636 | D        | Noticed an orc knight
  1636 | D        | Noticed an orc knight
  1638 | D        | Noticed an orc knight
  1644 | D        | Killed an orc knight
  1645 | D        | Noticed an orc knight
  1655 | D        | Killed an orc knight
  1656 | D        | Found Eczenit's Jewellery Shop.
  1668 | D        | Killed an orc knight
  1668 | D        | Reached skill level 15 in Armour
  1679 | D        | Killed an orc knight
  1681 | D        | Found Zesacul's General Store.
  1691 | D        | Killed an orc knight
  1691 | D        | Received a gift from Okawaru
  1694 | D        | Reached skill level 15 in Shields
  1882 | D        | Found Gioh's Book Shop.
  1886 | D        | Noticed an orc knight
  1888 | D        | Noticed an orc knight
  1904 | D        | Killed an orc knight
  1918 | D        | Killed an orc knight
  1951 | D        | Bought an uncursed amulet of faith for 480 gold pieces
  1951 | D        | Bought the ring of the Shining Light {+Fly rPois Dex+5} for
                  | 470 gold pieces
  1953 | D        | Bought a scroll of magic mapping for 45 gold pieces
  1969 | D        | Bought an uncursed ring of see invisible for 180 gold
                  | pieces
  2353 | D        | Noticed Josephine
  2371 | D        | Killed Josephine
  2537 | D        | Noticed a centaur warrior
  2537 | D        | Noticed a two-headed ogre
  2540 | D        | Noticed a two-headed ogre
  2542 | D        | Received a gift from Okawaru
  2543 | D        | Noticed an ogre mage
  2546 | D        | Killed a two-headed ogre
  2546 | D        | Received a gift from Okawaru
  2546 | D        | Reached skill level 16 in Shields
  2546 | D        | Reached XP level 12. HP: 110/125 MP: 11/11
  2547 | D        | Noticed a vampire mage
  2558 | D        | Killed a centaur warrior
  2567 | D        | Killed a two-headed ogre
  2572 | D        | Killed an ogre mage
  2573 | D        | Noticed an ogre mage
  2579 | D        | Noticed an ettin
  2583 | D        | Killed a vampire mage
  2588 | D        | Reached skill level 17 in Shields
  2600 | D        | Killed an ogre mage
  2604 | D        | HP: 1/127 [ettin/+0 great mace (41)]
  2856 | D        | Killed an ettin
  2856 | D        | Received a gift from Okawaru
  3536 | D        | Noticed Frances
  3555 | D        | Killed Frances
  3555 | D        | Reached skill level 18 in Shields
  3748 | D        | Noticed Azrael
  3769 | D        | Killed Azrael
  3769 | D        | Received a gift from Okawaru
  3788 | D        | Got a masterwork kite shield {god gift}
  3794 | D        | Identified the +3 kite shield of the Gastropod {Str+2 Int+7
                  | SInv} (Okawaru gifted it to you in the Dungeon)
  3963 | D        | Noticed Urug
  3978 | D        | Killed Urug
  4037 | D        | Noticed a satyr
  4037 | D        | Noticed a merfolk avatar
  4037 | D        | Noticed an alligator snapping turtle
  4037 | D        | Noticed a merfolk aquamancer
  4042 | D        | Noticed a satyr
  4043 | D        | Killed a merfolk aquamancer
  4434 | D        | Killed an alligator snapping turtle
  4434 | D        | Reached skill level 1 in Throwing
  4440 | D        | Killed a merfolk avatar
  4445 | D        | Reached XP level 13. HP: 62/136 MP: 10/12
  4469 | D        | Reached skill level 1 in Invocations
  4836 | D        | Noticed a ghost moth
  4848 | D        | Reached skill level 19 in Shields
  4863 | D        | Killed a ghost moth
  4881 | D        | Noticed a thorn hunter
  4888 | D        | Killed a thorn hunter
  4888 | D        | Received a gift from Okawaru
  4989 | D        | Noticed a nagaraja
  4997 | D        | Killed a nagaraja
  4997 | D        | Reached skill level 20 in Shields
  5001 | D        | Received a gift from Okawaru
  5019 | D        | Received a gift from Okawaru
  5383 | D        | Noticed a frost giant
  5383 | D        | Noticed a brown very ugly thing
  5384 | D        | Noticed a fire dragon
  5385 | D        | Noticed a golden dragon
  5395 | D        | Noticed an ettin
  5399 | D        | Killed a brown very ugly thing
  5400 | D        | Noticed a stone giant
  5401 | D        | Killed a frost giant
  5401 | D        | Reached skill level 21 in Shields
  5410 | D        | Killed a golden dragon
  5410 | D        | Reached skill level 5 in Throwing
  5417 | D        | Killed a fire dragon
  5417 | D        | Reached XP level 14. HP: 33/149 MP: 14/14
  5428 | D        | Received a gift from Okawaru
  5428 | D        | Noticed a cyan very ugly thing
  5435 | D        | Killed a stone giant
  5441 | D        | Killed a cyan very ugly thing
  5441 | D        | Reached skill level 22 in Shields
  5738 | D        | Noticed a stone giant
  5753 | D        | Killed a stone giant
  5761 | D        | Received a gift from Okawaru
  5805 | D        | Noticed a vault warden
  5823 | D        | Received a gift from Okawaru
  5824 | D        | Noticed a frost giant
  5827 | D        | Noticed a red very ugly thing
  5831 | D        | Noticed a vault warden
  5834 | D        | Killed a vault warden
  5834 | D        | Reached skill level 23 in Shields
  5834 | D        | Killed a red very ugly thing
  5842 | D        | Killed a frost giant
  5848 | D        | Killed a vault warden
  5848 | D        | Received a gift from Okawaru
  5855 | D        | Noticed a vault warden
  5865 | D        | Noticed a stone giant
  5871 | D        | Slain by a vault warden

Illustrated notes

Levels and vault maps discovered:
D:        linesprint [early_d, line_temple, items_1, d_10, items_2, lair_1,
          lair_end, items_3, orc_1, orc_end, items_4, d_15, swamp_1, shoals_1,
          snake_1, spider_1, d_20, vaults_1, items_5, swamp_end, shoals_end,
          snake_end, spider_end, vaults_end, d_27, items_6, zot_1, zot_end,
          crypt_end, forest_end, elf_end, slime_end, tomb_end, abyss_end,
          pan_hell_end]

Skill      XL: |  1  2  3  4  5  6  7  8  9 10 11 12 13 14 |
---------------+-------------------------------------------+-----
Armour         | 5 6 7 8 10 12 13 14 16 17 18 19 | 19.7
Fighting       | 5 6 7 8 10 11 13 15 17 18 20 22 | 22.2
Shields        | 5 6 7 8 10 11 12 13 16 18 21 23 | 23.5
Long Blades    | 4 5 6 8 11 13 15 16 18 20 21 22 | 22.5
Dodging        | 1 2 3 4 5 6 7 9 |  9.5
Stealth        | 1 6 7 |  7.4
Throwing       | 1 5 9 |  9.0
Invocations    | 1 |  1.3

Action                   |  1- 3 |  4- 6 |  7- 9 | 10-12 | 13-15 || total
-------------------------+-------+-------+-------+-------+-------++-------
Melee: Long sword        |    20 |     4 |       |       |       ||    24
       Headbutt          |     1 |    13 |    14 |   123 |    92 ||   243
       Scimitar          |       |    38 |    78 |   442 |   234 ||   792
Throw: Javelin           |       |       |       |     7 |    26 ||    33
       Dart              |       |       |       |     4 |       ||     4
Invok: Heroism           |       |       |       |     2 |       ||     2
  Use: Potion            |     1 |       |     3 |     4 |     4 ||    12
       Scroll            |       |       |       |     2 |       ||     2
 Stab: Invisible         |       |       |     3 |     4 |       ||     7
       Confused          |       |       |       |       |     2 ||     2
Armor: Scale mail        |     5 |     1 |       |       |       ||     6
       Plate armour      |       |    18 |    20 |    27 |       ||    65
       Storm dragon scal |       |       |       |    32 |    50 ||    82
       Gold dragon scale |       |       |       |       |    21 ||    21
Dodge: Dodged            |     6 |     5 |    10 |    62 |    46 ||   129
Block: Kite shield       |    12 |    12 |    26 |   176 |   175 ||   401
       Rpst.: Long sword |     4 |       |       |       |       ||     4
       Scimitar          |       |     1 |     3 |    11 |     3 ||    18

Table legend: (Time is in decaauts)
 A = Elapsed time spent in this place.
 B = Non-inter-level travel time spent in this place.
 C = Inter-level travel time spent in this place.
 D = Time resting spent in this place.
 E = Time spent auto-exploring this place.
 F = Levels seen in this place.
 G = Mean time per level.
                   A        B        C        D        E       F      G
               +--------+--------+--------+--------+--------+-----+--------+
         Total |   5697 |   5697 |      0 |   2387 |   1434 |   1 | 5697.0 |
       Dungeon |   5697 |   5697 |      0 |   2387 |   1434 |   1 | 5697.0 |
               +--------+--------+--------+--------+--------+-----+--------+

Top non-repeatable levels by time:
       D: 5697 daAuts
